 Dungeon Crawl Stone Soup version 0.31.0-12-g77e489cdc1 (webtiles) character file.

Game seed: 16045939488791093164

714 spaghetti the Fighter (level 7, 0/96 HPs)
             Began as an Oni Chaos Knight on Mar 1, 2024.
             Was a Plaything of Xom.
             Slain by an orc
             ... wielding a +0 mace
              (3 damage)
             ... on level 5 of the Dungeon.
             The game lasted 00:04:15 (2678 turns).

spaghetti the Fighter (Oni Chaos Knight)            Turns: 2678, Time: 00:04:16

Health: 0/96       AC:  5    Str: 19    XL:     7   Next: 69%
Magic:  7/7        EV:  9    Int: 13    God:    Xom [*.....]
Gold:   20         SH:  0    Dex:  8    Spells: 6/6 levels left

rFire   . . .        a - +0 spear (chaos)
rCold   . . .        (no shield)
rNeg    . . .        b - +2 robe
rPois   .            (helmet restricted)
rElec   .            (no cloak)
rCorr   .            (gloves unavailable)
SInv    .            (boots unavailable)
Will    +....        (no amulet)
Stlth   +            (no ring)
HPRegen 0.36/turn    (no ring)
MPRegen 0.10/turn

%: no passive effects
@: no status effects
A: large, unfitting armour, horns 1, tough skin 1, double potion healing,
drunken brawling, strong-willed 1, robust 1, wild magic 1
a: Renounce Religion


You were on level 5 of the Dungeon.
You worshipped Xom.
You were a special plaything of Xom.
You visited 1 branch of the dungeon, and saw 6 of its levels.

You collected 20 gold pieces.

Inventory:

Hand Weapons
 a - a +0 spear of chaos (weapon)
 j - a +0 scythe
Armour
 b - a +2 robe (worn)
Wands
 e - a wand of flame (35)
Scrolls
 c - a scroll of butterflies


   Skills:
 + Level 11.4 Fighting
 - Level 3.0 Polearms
 - Level 2.1 Dodging


You had 6 spell levels left.
You didn't know any spells.
Your spell library contained the following spells:

 Spells                   Type           Power      Damage    Failure   Level
 Sandblast                Erth           0%         2d4       38%         1
 Gell's Gravitas          Tloc           0%         N/A       75%         3
 Passwall                 Erth           0%         N/A       75%         3
 Stone Arrow              Conj/Erth      0%         3d7       75%         3
 Teleport Other           Tloc           0%         N/A       75%         3
 Brom's Barrelling Bould  Conj/Erth      0%         2d3       98%         4
 Dispersal                Tloc           0%         N/A       100%        6


Dungeon Overview and Level Annotations

Branches:
Dungeon (7/15)
 Temple: D:4-7

Altars:
Zin

Shops:
D:2 ?

Annotations:
D:2 1 runed translucent door, Crazy Yiuf


Innate Abilities, Weirdness & Mutations

You are too large for most types of armour.
You have a pair of small horns on your head.
You have tough skin. (AC +1)
You gain doubled healing and magic from potions.
Whenever you drink a healing potion, you attack all around you.
You are strong-willed. (Will+)
You are robust. (+10% HP)
Your spells are a little harder to cast, but a little more powerful.


Message History

The orc hits you but does no damage.
Unknown command.
Unknown command.
Unknown command.
Unknown command.
The orc attacks as it pursues you! The orc closely misses you.
Things that are here:
a +0 robe; a +0 robe; a +4 dagger of venom Unknown command.
You aren't carrying any potions.
Unknown command.
Okay, then.
The orc attacks as it pursues you! The orc hits you with a +0 falchion.
* * * LOW HITPOINT WARNING * * *
Okay, then.
You enter a dispersal trap!
The orc blinks! x5; You blink.
The orc attacks as it pursues you! The orc barely misses you.
Unknown command.
Unknown command.
Unknown command.
You aren't carrying any potions.
Unknown command.
The orc barely misses you. The orc attacks as it pursues you!
The orc closely misses you.
There is an escape hatch in the ceiling here.
The orc hits you with a +0 mace.
* * * LOW HITPOINT WARNING * * *
A mysterious force pulls you upwards. The hatch slams shut behind you.
Reactivating autopickup.
Unknown command.
Unknown command.
Unknown command.
You barely miss the orc. Your headbutt misses the orc.
The orc hits you with a +0 mace.
* * * LOW HITPOINT WARNING * * *
You hit the orc.
The orc is poisoned.
You headbutt the orc.
The orc is almost dead.
The orc hits you with a +0 mace.
You die... "Huh?
Did I miss anything?"

##... ....# .#
########$#.#####.####
.....................
#######.###..........
..#....# #........%.
#.#....# #........!.
#####'#.(..###..........
......>.Sgg..#..@.......
...........#.#.o........
....W......#.#..........
..(........#.#..........
...........#g#.$........
.................#######
...#####.........# ##.
####......# .. #......#


You could see an orc (poisoned).

Vanquished Creatures
  Sigmund (D:2)
  A centaur (D:7)
  Dowan (D:6)
  3 howler monkeys (D:7)
  A hound (D:6)
  A jelly (D:5)
  A gnoll bouda (D:5)
  Natasha (thrice) (D:2)
  An orc wizard (D:6)
  Terence (D:3)
  An adder (D:2)
  2 gnolls (D:6)
  An adder (shapeshifter) (D:6)
  A white imp (D:7)
  A dart slug (D:1)
  A ribbon worm (D:2)
  3 orcs (D:6)
  6 endoplasms
  A giant cockroach (D:1)
  3 hobgoblins
  7 kobolds
  A quokka (D:1)
  3 ball pythons
  2 bats (D:1)
  3 frilled lizards
  6 goblins
  5 rats
61 creatures vanquished.

Notes
Turn   | Place    | Note
-------+----------+-------------------------------------------
     0 | D:1      | spaghetti the Oni Chaos Knight began the quest for the Orb.
     0 | D:1      | Reached XP level 1. HP: 24/24 MP: 1/1
     2 | D:1      | XOM: silly message
   121 | D:1      | Reached XP level 2. HP: 33/33 MP: 2/2
   154 | D:1      | Found a faded altar of an unknown god.
   241 | D:1      | Reached skill level 5 in Fighting
   369 | D:1      | Reached XP level 3. HP: 42/42 MP: 3/3
   428 | D:1      | XOM: silly message
   849 | D:2      | Noticed Natasha
   856 | D:2      | Killed Natasha
   857 | D:2      | Reached skill level 6 in Fighting
  1020 | D:2      | Reached XP level 4. HP: 48/53 MP: 4/4
  1054 | D:2      | Found a runed translucent door.
  1055 | D:2      | Noticed Crazy Yiuf
  1080 | D:2      | XOM is BORED!
  1080 | D:2      | XOM: noise
  1146 | D:2      | Found a glowing silver altar of Zin.
  1249 | D:2      | Noticed Sigmund
  1251 | D:2      | XOM: swap monsters
  1261 | D:2      | Killed Sigmund
  1262 | D:2      | Reached skill level 8 in Fighting
  1262 | D:2      | Reached XP level 5. HP: 66/66 MP: 5/5
  1262 | D:2      | Reached XP level 6. HP: 74/74 MP: 6/6
  1283 | D:2      | Noticed Natasha
  1292 | D:2      | Killed Natasha
  1350 | D:2      | XOM: summons 3 hostile demons
  1461 | D:2      | XOM: noise
  1532 | D:2      | Found Yfee's Magic Scroll Shop.
  1872 | D:2      | Noticed Natasha
  1881 | D:2      | XOM: confusion (+ monsters)
  1889 | D:2      | Killed Natasha
  1890 | D:2      | Reached skill level 9 in Fighting
  2262 | D:3      | Noticed Terence
  2268 | D:3      | Killed Terence
  2277 | D:3      | You fall into a shaft and drop 3 floors!
  2324 | D:6      | Found a glowing silver altar of Zin.
  2343 | D:5      | Entered Level 5 of the Dungeon
  2420 | D:6      | Reached skill level 10 in Fighting
  2464 | D:6      | XOM: give mutations
  2464 | D:6      | Gained mutation: You are strong-willed. (Will+) [Xom's
                  | grace]
  2464 | D:6      | Gained mutation: You are robust. (+10% HP) [Xom's grace]
  2464 | D:6      | Gained mutation: Your spells are a little harder to cast,
                  | but a little more powerful. [Xom's grace]
  2549 | D:6      | Noticed Dowan
  2550 | D:6      | Noticed Duvessa
  2551 | D:6      | Reached XP level 7. HP: 69/93 MP: 7/7
  2558 | D:6      | Duvessa changed into Duvessa the shapeshifter
  2558 | D:6      | Noticed Duvessa (shapeshifter)
  2558 | D:6      | XOM: polymorph Duvessa -> Duvessa the shapeshifter
  2558 | D:6      | Duvessa the shapeshifter changed into Duvessa the adder
  2577 | D:6      | Killed Dowan
  2631 | D:7      | Reached skill level 11 in Fighting
  2637 | D:7      | XOM: confusion
  2638 | D:7      | XOM: divination: magic mapping
  2641 | D:7      | XOM: confusion
  2644 | D:7      | XOM: swap monsters
  2659 | D:7      | XOM: cast spell 'Cause Fear'
  2677 | D:5      | HP: 3/96 [orc/+0 mace (4)]
  2678 | D:5      | Slain by an orc

Illustrated notes

Levels and vault maps discovered:
D:1:      nzn_arrival_water_spiral, layout_basic,
          shapermc_ecumenical_altar_acropolis
D:2:      layout_loops_ring, basic_altar, serial_shops, shop,
          kennysheep_generic_room_14, uniq_crazy_yiuf_cottage, uniq_natasha,
          uniq_sigmund
D:3:      due_chaos_kobolds, layout_rooms, st_stairs_12, uniq_terence
D:5:      layout_basic, nicolae_wormholes, uniq_prince_ribbit1
D:6:      layout_rooms, mainiacjoe_overflow_swirl, portal_sewer_entry_a,
          uniq_duvessa
D:7:      hellmonk_destroyed_diamonds, layout_loops_ring, serial_bayou,
          serial_bayou_pond_d, serial_bayou_shore_a, serial_bayou_lagoon_b,
          serial_bayou_pond_c

Skill      XL: |  1  2  3  4  5  6  7 |
---------------+----------------------+-----
Fighting       | 5 6 8 10 11 | 11.4
Polearms       | |  3.0
Dodging        | |  2.1

Action                     |  1- 3 |  4- 6 |  7- 9 || total
---------------------------+-------+-------+-------++-------
  Melee: Spear             |    86 |    71 |    50 ||   207
         Headbutt          |     5 |    18 |    13 ||    36
         Halberd           |       |    19 |       ||    19
         Punch             |       |     1 |       ||     1
    Use: Potion            |       |     4 |     3 ||     7
         Scroll            |       |       |     3 ||     3
   Stab: Sleeping          |     2 |       |       ||     2
         Confused          |       |     1 |       ||     1
         Distracted        |       |     1 |       ||     1
         Invisible         |       |       |     3 ||     3
         Paralysed         |       |       |     1 ||     1
 Armour: Robe              |    33 |    77 |    74 ||   184
  Dodge: Dodged            |    27 |    47 |    49 ||   123
